 Dungeon Crawl Stone Soup version 0.17-a0-1718-g72dbe4d (webtiles) character file.

95 urechis the Poker (level 4, -1/36 HPs)
             Began as a Demonspawn Abyssal Knight on Aug 24, 2015.
             Was a Follower of Lugonu.
             Slain by an orc wizard
             ... wielding a +3 dagger
              (6 damage)
             ... on level 3 of the Dungeon.
             The game lasted 00:06:42 (2772 turns).

urechis the Poker (Demonspawn Abyssal Knight)       Turns: 2772, Time: 00:06:42

Health: -1/36      AC:  8    Str: 14    XL:     4   Next: 40%
Magic:  5/5        EV: 10    Int: 13    God:    Lugonu [*.....]
Gold:   109        SH:  0    Dex: 12    Spells: 0 memorised, 3 levels left

rFire  . . .     SeeInvis .     a - +1 spear
rCold  . . .     Clarity  .     m - +0 ring mail
rNeg   . . .     SustAt   +     (no shield)
rPois  .         Gourm    .     i - +0 helmet
rElec  .         Spirit   .     (no cloak)
rCorr  .         Warding  .     d - +0 pair of gloves
rMut   .         Stasis   .     (no boots)
MR     .....                    (no amulet)
Stlth  ..........               h - ring of wizardry
                                g - ring of sustain attributes

@: confused, not resistant to hostile enchantments, extremely unstealthy
A: hooves 1, rugged brown scales 1
a: Depart the Abyss, Renounce Religion


You were on level 3 of the Dungeon.
You worshipped Lugonu.
Lugonu was aware of your devotion.
You were hungry.

You visited 1 branch of the dungeon, and saw 3 of its levels.
You visited the Abyss 1 time.

You collected 109 gold pieces.

Inventory:

Hand weapons
 a - a +1 spear (weapon)
Armour
 d - a +0 pair of gloves (worn)
 i - a +0 helmet (worn)
 m - a +0 ring mail (worn)
Jewellery
 g - a ring of sustain attributes (left hand)
 h - a ring of wizardry (right hand)
Scrolls
 j - a scroll of immolation {unknown}
 k - a scroll of blinking {unknown}
 l - a scroll of magic mapping {unknown}
 n - a scroll of recharging {unknown}
Potions
 b - 4 potions of curing {unknown}
 e - a potion of might {unknown}
 o - a potion of resistance {unknown}
 p - a potion of beneficial mutation {unknown}
Comestibles
 c - 3 bread rations
 f - a beef jerky
 q - a chunk of flesh


   Skills:
 - Level 3.1 Fighting
 + Level 4.1 Polearms
 - Level 1.7 Armour
 - Level 0.8 Dodging
 - Level 2.5 Invocations


You had 3 spell levels left.
You didn't know any spells.

Dungeon Overview and Level Annotations

Branches:
Dungeon (3/15)

Altars:

Annotations:
D:3 Robin


Innate Abilities, Weirdness & Mutations

You have large cloven feet.
You are partially covered in rugged brown scales (AC +1, +3% HP).


Message History

The orc wizard is heavily wounded.
The orc hits you but does no damage.
You bump into the rock wall.
The orc wizard mumbles some strange words.
The orc wizard flickers and vanishes!
Deactivating autopickup; reactivate with Ctrl-A.
The orc hits you from afar with a trident!
* * * LOW HITPOINT WARNING * * *
You feel less confused.
You hear some strange, mumbled words.
Something tries to affect you, but you resist.
You hear some strange, mumbled words.
You are confused.
You're too confused to move!
You bump into the rock wall.
You bump into the rock wall.
You hear some strange, mumbled words.
You are more confused.
You're too confused to move!
Something hits you.
You die...

#.#.#######
#.#<# #†########
#.........
##.)..####
#....#
###....######.
#>'....'......
#@#....#########
#.###..........#
#o# #..........#
#o# #.........?#
#.# #..........#
#o# #..........#
#o###o.........#
#..)oo.........+
#####..........#


You could see 4 orcs.

Vanquished Creatures
  2 adders
  3 gnolls (D:2)
  An ooze (D:1)
  An orc (D:3)
  2 ball pythons
  4 giant cockroaches
  9 hobgoblins
  4 kobolds
  5 bats
  4 giant geckos
  5 giant newts
  3 goblins
  3 rats
46 creatures vanquished.

Notes
Turn   | Place    | Note
--------------------------------------------------------------
     0 | Abyss:1  | urechis the Demonspawn Abyssal Knight began the quest for the Orb.
     0 | Abyss:1  | Reached XP level 1. HP: 18/18 MP: 2/2
   191 | Abyss:1  | Noticed a large abomination
   192 | Abyss:1  | Noticed a profane servitor
   203 | Abyss:1  | Noticed a blink frog
   208 | D:1      | Escaped the Abyss
   788 | D:1      | Gained mutation: You are partially covered in rugged brown scales (AC +1, +3% HP). [demonic ancestry]
   788 | D:1      | Reached XP level 2. HP: 18/24 MP: 3/3
  1156 | D:1      | Acquired Lugonu's first power
  1156 | D:1      | Gained mutation: You have large cloven feet. [demonic ancestry]
  1156 | D:1      | Reached XP level 3. HP: 29/29 MP: 4/4
  1988 | D:2      | Reached XP level 4. HP: 13/36 MP: 5/5
  2600 | D:3      | Reached skill level 4 in Polearms
  2611 | D:3      | Noticed Robin
  2772 | D:3      | Slain by an orc wizard

Vault maps used:
D:1:      saegor_arrival_miasma
D:3:      first_bread, grunt_ministairs_2, uniq_sigmund, uniq_robin,
          uniq_grinder
Abyss:1:  hangedman_abyss_sting

Action                   |  1- 3 |  4- 6 || total
-------------------------+-------+-------++-------
Melee: Spear             |   108 |    77 ||   185
Invok: Depart the Abyss  |     1 |       ||     1
  Eat: Chunk             |     3 |     1 ||     4
       Beef jerky        |       |     1 ||     1
